 Dungeon Crawl Stone Soup version 0.25.0-46-gbd7b0854d2 (webtiles) character file.

Game seed: 700542962822154552

23 Descartes the Sneak (level 2, -1/11 HPs)
             Began as a Felid Enchanter on July 17, 2020.
             Slain by Terence
             ... wielding a +0 hand axe
              (9 damage)
             ... on level 2 of the Dungeon.
             The game lasted 00:01:19 (1267 turns).

Descartes the Sneak (Felid Enchanter)               Turns: 1267, Time: 00:01:19

Health: -1/11      AC:  1    Str:  4    XL:     2   Next: 72%
Magic:  6/6        EV: 18    Int: 16    God:
Gold:   122        SH:  0    Dex: 16    Spells: 4/5 levels left
                                        Lives:  0   Deaths: 0

rFire    . . .     SeeInvis +     - Unarmed
rCold    . . .     Gourm    .   (shield unavailable)
rNeg     . . .     Faith    .   (armour unavailable)
rPois    .         Spirit   .   (helmet unavailable)
rElec    .         Reflect  .   (cloak unavailable)
rCorr    .         Harm     .   (gloves unavailable)
MR       .....                  (boots unavailable)
Stlth    ++++......             (no amulet)
HPRegen  0.03/turn              (no ring)
MPRegen  0.10/turn              (no ring)

@: quick
A: very small, no armour, no weapons or thrown items, stealth, claws 1, fangs 3,
see invisible, carnivore, speed 1, shaggy fur 1, slow metabolism 1, sharp paws
a: no special abilities


You were on level 2 of the Dungeon.
You were completely stuffed.

You visited 1 branch of the dungeon, and saw 2 of its levels.

You collected 122 gold pieces.

Inventory:

Missiles
 g - 3 stones
Scrolls
 a - a scroll of remove curse {unknown}
 d - 2 scrolls of fog {unknown}
 f - a scroll of noise {unknown}
Potions
 c - a potion of brilliance {unknown}
 e - a potion of degeneration {unknown}
 h - 2 potions of curing {unknown}
 j - a potion of cancellation {unknown}
Comestibles
 b - 4 rations
 i - 2 chunks of flesh


   Skills:
 - Level 2.6 Dodging
 + Level 5.6 Stealth
 - Level 1.0 Unarmed Combat
 - Level 2.0 Spellcasting
 - Level 4.4 Hexes


You had 4 spell levels left.
You knew the following spells:

 Your Spells              Type           Power        Failure   Level  Hunger
a - Corona                Hex            ###....      3%          1    #......

Your spell library contained the following spells:

 Spells                   Type           Power        Failure   Level  Hunger
 Confusing Touch          Hex            ###.....     11%         3    ###....
 Tukima's Dance           Hex            ###.....     11%         3    ###....
 Ensorcelled Hibernation  Hex/Ice        #.....       13%         2    ###....
 Dazzling Flash           Conj/Hex       #.....       26%         3    ###....


Dungeon Overview and Level Annotations

Branches:
Dungeon (2/15)

Altars:

Annotations:
D:2 Terence


Innate Abilities, Weirdness & Mutations

You cannot wear armour.
You are incapable of wielding weapons or throwing items.
Your paws allow you to move quietly. (Stealth)
You have sharp claws.
You have razor-sharp teeth.
You have supernaturally acute eyesight. (SInv)
You are carnivorous and can eat meat at any time.
You cover ground quickly.
You are covered in fur. (AC +1)
You have a slow metabolism.
Your sharp claws are effective at attacking unaware monsters.


Message History

You scratch Terence but do no damage. Your bite misses Terence.
Terence is severely wounded.
Terence misses you.
You scratch Terence.
Terence is almost dead.
Terence misses you.
You scratch Terence but do no damage.
Terence is almost dead.
Terence misses you.
You scratch Terence but do no damage.
Terence is almost dead.
Terence barely misses you.
You closely miss Terence.
Terence is almost dead.
Terence hits you with a +0 hand axe.
You scratch Terence but do no damage.
Terence is almost dead.
Terence hits you with a +0 hand axe!
Ouch! That really hurt!
You die...

### #..
########## #?#
#........# #.#
#........# #.#
#.......<# #.#
#........# #@#
#....[...###@#
#.....÷......#
#.....÷..#####
##########


You could see Terence.

Vanquished Creatures
  2 dart slugs (D:1)
  A leopard gecko (D:1)
  4 bats (D:1)
  3 goblins (D:1)
  A hobgoblin (D:1)
  A kobold (D:1)
  2 frilled lizards (D:2)
  4 rats (D:1)
18 creatures vanquished.

Notes
Turn   | Place    | Note
-------+----------+-------------------------------------------
     0 | D:1      | Descartes the Felid Enchanter began the quest for the Orb.
     0 | D:1      | Reached XP level 1. HP: 7/7 MP: 4/4
   334 | D:1      | Reached skill level 5 in Stealth
   334 | D:1      | Reached XP level 2. HP: 11/11 MP: 6/6
  1256 | D:2      | Noticed Terence
  1267 | D:2      | Slain by Terence

Illustrated notes

Levels and vault maps discovered:
D:1:      grunt_arrival_lava_bath, layout_basic
D:2:      layout_basic, uniq_terence

Skill      XL: |  1 |
---------------+----+-----
Stealth        | 5 |  5.6
Dodging        | |  2.6
Unarmed Combat | |  1.0
Spellcasting   | |  2.0
Hexes          | |  4.4

Action                   || total
-------------------------++-------
Melee: Unarmed           ||    88
       Bite              ||     7
       Punch             ||     1
 Stab: Sleeping          ||     7
  Eat: Chunk             ||     8
Armor: Skin              ||     4
Dodge: Dodged            ||    71
